 Dungeon Crawl Stone Soup version 0.20.1-1-g8b1a95d (webtiles) character file.

1346 rgaf the Martial Artist (level 8, -1/37 HPs)
             Began as a Vine Stalker Transmuter on Oct 25, 2017.
             Was a Follower of Okawaru.
             Incinerated by mole0619's ghost (3 damage)
             ... with a sticky flame
             ... on level 7 of the Dungeon.
             The game lasted 00:08:15 (5172 turns).

rgaf the Martial Artist (Vine Stalker Transmuter)   Turns: 5172, Time: 00:08:15

Health: -1/37      AC:  9    Str: 12    XL:     8   Next: 62%
Magic:  0/12       EV: 11    Int: 15    God:    Okawaru [*.....]
Gold:   413        SH:  0    Dex: 16    Spells: 7/11 levels left

rFire    . . .     SeeInvis .     - Unarmed
rCold    . . .     Gourm    .   (no shield)
rNeg     . . .     Faith    .   y - +0 ring mail {rPois}
rPois    +         Spirit   +   F - +0 helmet
rElec    .         Reflect  .   g - +0 cloak
rCorr    .         Harm     .   r - +1 pair of gloves
MR       +....                  (no boots)
Stlth    +.........             (no amulet)
Regen    0.6/turn               C - ring of poison resistance
MPRegen  0.2/turn               (no ring)

@: liquid flames, glowing
A: fangs 3, regeneration 1, magic shield, antimagic bite, no potion heal 3, rot
immunity
a: Heroism, Renounce Religion


You were on level 7 of the Dungeon.
You worshipped Okawaru.
Okawaru was aware of your devotion.
You were not hungry.

You visited 2 branches of the dungeon, and saw 8 of its levels.

You collected 413 gold pieces.

Inventory:

Missiles
 a - 66 arrows
Armour
 g - a +0 cloak (worn)
 r - a +1 pair of gloves (worn)
 s - a +0 chain mail
 y - a +0 ring mail of poison resistance (worn)
 F - a +0 helmet (worn)
Jewellery
 C - a ring of poison resistance (left hand)
Wands
 E - a wand of digging (11/24)
Scrolls
 b - 2 scrolls of fog {unknown}
 h - a scroll of recharging
 m - 3 scrolls of enchant armour
 n - a scroll of amnesia {unknown}
 p - 2 scrolls of immolation {unknown}
 q - a scroll of noise {unknown}
 t - 4 scrolls of identify
 w - 10 scrolls of remove curse
 D - 2 scrolls of magic mapping {unknown}
Potions
 e - 4 potions of degeneration {unknown}
 i - 2 potions of haste {unknown}
 j - 2 potions of brilliance
 k - a potion of ambrosia {unknown}
 l - 2 potions of agility {unknown}
 u - a potion of resistance {unknown}
 x - a potion of mutation {unknown}
 A - 2 potions of might {unknown}
Books
 c - a book of Changes

   Spells                             Type                      Level
   a - Beastly Appendage              Transmutation                1
   b - Sticks to Snakes               Transmutation                2
   c - Spider Form                    Transmutation/Poison         3
   d - Ice Form                       Ice/Transmutation            4
   e - Blade Hands                    Transmutation                5
Comestibles
 d - 6 bread rations
 f - 5 fruits
 o - 2 chunks of flesh
 v - 2 royal jellies
 z - 3 meat rations


   Skills:
 - Level 0.8 Fighting
 - Level 1.5 Dodging
 * Level 8.9 Unarmed Combat
 - Level 2.1 Spellcasting
 + Level 6.2 Transmutations


You had 7 spell levels left.
You knew the following spells:

 Your Spells              Type           Power        Failure   Level  Hunger
a - Beastly Appendage     Tmut           ###...       3%          1    #......
b - Spider Form           Tmut/Pois      ##........   38%         3    ###....


Dungeon Overview and Level Annotations

Branches:
Dungeon (7/15)             Temple (1/1) D:6

Altars:
Ashenzari
Cheibriados
Dithmenos
Elyvilon
Fedhas
Gozag
Hepliaklqana
Kikubaaqudgha
Nemelex Xobeh
Okawaru
Qazlal
Ru
Sif Muna
Trog
Uskayaw
Vehumet
Xom
Yredelemnul
Zin
The Shining One

Shops:
D:5 (

Annotations:
D:7 mole0619's ghost, novice DEFE


Innate Abilities, Weirdness & Mutations

You have razor-sharp teeth.
Your natural rate of healing is unusually fast.
When hurt, damage is shared between your health and your magic reserves.
Your bite disrupts and absorbs the magic of your enemies.
Potions cannot restore your health.
You are immune to rotting.


Message History

You punch mole0619's ghost! Your bite misses mole0619's ghost.
Mole0619's ghost is almost destroyed.
Mole0619's ghost hits you but does no damage.
You miss mole0619's ghost. Your bite misses mole0619's ghost.
Mole0619's ghost is almost destroyed.
Mole0619's ghost sprays you with burning goo.
The sticky flame hits you!
You are covered in liquid flames!
* * * LOW HITPOINT WARNING * * *
You miss mole0619's ghost.
Mole0619's ghost is almost destroyed.
You are covered in liquid flames!
* * * LOW HITPOINT WARNING * * *
Mole0619's ghost hits you but does no damage.
Unknown command.
You hit mole0619's ghost but do no damage.
Your bite misses mole0619's ghost.
Mole0619's ghost is almost destroyed.
You are covered in liquid flames!
You die...

######.#...#........
#....#..............
###....#.....##...####
#......#..............
#......#..##.##.......
#......#..##.##.......
#.........##.####.....
#....####.##..........
#....@W....#..........
#.....####..#..........
#.....####..#........##
#.....##....#.###....##
#...#.##.#.##.# ####.รท.
.....#.#.......#########
.#####.#..#W...........#
..#..#.......####.#
#...............#


You could see mole0619's ghost.

Vanquished Creatures
  Grinder (D:5)
  A hungry ghost (D:7)
  2 phantoms
  An ogre (D:6)
  2 bullfrogs (D:7)
  2 howler monkeys
  2 crimson imps
  2 orc wizards
  A centaur skeleton (D:4)
  An iron imp (D:6)
  Crazy Yiuf (D:2)
  Terence (D:2)
  4 worker ants
  An iguana (D:7)
  7 adders
  An adder zombie (D:5)
  2 adder skeletons
  2 worms (D:2)
  A dart slug (D:3)
  5 leopard geckos
  11 orcs
  14 bats
  7 giant cockroaches
  6 goblins
  5 hobgoblins
  10 jackals
  2 quokkas
  6 frilled lizards
  2 hobgoblin zombies (D:6)
  8 kobolds
  2 kobold skeletons (D:6)
  A kobold zombie (D:6)
  An orc zombie (D:6)
  A quokka zombie (D:6)
  8 rats
124 creatures vanquished.

Notes
Turn   | Place    | Note
-------+----------+-------------------------------------------
     0 | D:1      | rgaf the Vine Stalker Transmuter began the quest for the Orb.
     0 | D:1      | Reached XP level 1. HP: 9/9 MP: 4/4
    86 | D:1      | Reached XP level 2. HP: 13/14 MP: 4/6
   430 | D:1      | Reached XP level 3. HP: 15/17 MP: 7/7
   576 | D:1      | Reached skill level 4 in Unarmed Combat
   906 | D:2      | Found a basalt altar of Yredelemnul.
  1078 | D:2      | Gained mutation: Your natural rate of healing is unusually fast. [Vine Stalker growth]
  1078 | D:2      | Reached XP level 4. HP: 14/21 MP: 8/8
  1262 | D:2      | Noticed Terence
  1281 | D:2      | Killed Terence
  1356 | D:2      | Found a runed door.
  1551 | D:2      | You fall through a shaft for 2 floors!
  1565 | D:4      | Reached skill level 5 in Unarmed Combat
  1565 | D:4      | Reached XP level 5. HP: 22/25 MP: 9/9
  1725 | D:3      | Found a faded altar of an unknown god.
  2175 | D:2      | Learned a level 3 spell: Spider Form
  2175 | D:2      | Noticed Crazy Yiuf
  2181 | D:2      | Killed Crazy Yiuf
  2181 | D:2      | Reached XP level 6. HP: 29/29 MP: 6/10
  2717 | D:4      | Found a white marble altar of Elyvilon.
  3105 | D:5      | Entered Level 5 of the Dungeon
  3105 | D:5      | Found Gosim's Weapon Boutique.
  3144 | D:5      | Reached skill level 6 in Unarmed Combat
  3211 | D:5      | Noticed a phantom
  3229 | D:5      | Noticed Grinder
  3263 | D:4      | Killed a phantom
  3263 | D:4      | Reached XP level 7. HP: 27/32 MP: 7/11
  3543 | D:5      | Paralysed by Grinder for 4 turns
  3563 | D:5      | Paralysed by Grinder for 6 turns
  3585 | D:5      | Paralysed by Grinder for 3 turns
  3590 | D:5      | Killed Grinder
  3590 | D:5      | Reached skill level 7 in Unarmed Combat
  3590 | D:5      | Reached skill level 5 in Transmutations
  4013 | D:6      | Found a stormy altar of Qazlal.
  4099 | D:6      | Found a staircase to the Ecumenical Temple.
  4110 | Temple   | Entered the Ecumenical Temple
  4278 | Temple   | Became a worshipper of Warmaster Okawaru
  4327 | D:6      | Found a glowing golden altar of the Shining One.
  4338 | D:6      | Gained mutation: You have razor-sharp teeth. [Vine Stalker growth]
  4338 | D:6      | Reached XP level 8. HP: 28/37 MP: 9/12
  4629 | D:6      | Reached skill level 8 in Unarmed Combat
  5079 | D:7      | Reached * piety under Okawaru
  5142 | D:7      | Noticed mole0619's ghost (novice DEFE)
  5172 | D:7      | Incinerated by mole0619's ghost

Skill      XL: |  1  2  3  4  5  6  7  8 |
---------------+-------------------------+-----
Unarmed Combat | 4 5 6 7 8 |  8.9
Transmutations | 3 4 5 6 |  6.2
Fighting       | |  0.8
Dodging        | |  1.5
Spellcasting   | |  2.1

Action                   |  1- 3 |  4- 6 |  7- 9 || total
-------------------------+-------+-------+-------++-------
Melee: Unarmed           |   116 |   224 |   158 ||   498
       Bite              |    21 |    56 |    35 ||   112
       Punch             |     3 |     5 |     7 ||    15
       Headbutt          |       |     4 |       ||     4
 Cast: Beastly Appendage |       |     2 |       ||     2
       Spider Form       |       |     1 |     1 ||     2
 Abil: End Transformatio |       |     1 |       ||     1
  Use: Scroll            |       |     6 |       ||     6
       Potion            |       |     1 |     1 ||     2
 Stab: Sleeping          |     2 |       |       ||     2
       Distracted        |     1 |       |       ||     1
  Eat: Chunk             |       |     7 |     8 ||    15
       Fruit             |       |     1 |     3 ||     4
Armor: Robe              |    12 |       |       ||    12
       Ring mail         |     8 |    77 |    44 ||   129
       Chain mail        |    14 |     6 |       ||    20
       Leather armour    |     7 |       |       ||     7
       Skin              |       |       |     8 ||     8
Dodge: Dodged            |    59 |   119 |    50 ||   228
